 Dungeon Crawl Stone Soup version 0.31.0-32-g396128a36d (webtiles) character file.

Game seed: 6687849842743262651

89544 PaiMei the Black Sun (level 15, -6/123 HPs)
             Began as a Demonspawn Necromancer on Apr 19, 2024.
             Was a High Priest of Kikubaaqudgha.
             Succumbed to Aizul's bolt of poison
             ... on level 2 of the Snake Pit.
             The game lasted 01:29:57 (47912 turns).

PaiMei the Black Sun (Demonspawn Necromancer)      Turns: 47912, Time: 01:29:57

Health: -6/123     AC: 15    Str:  9    XL:     15   Next: 49%
Magic:  18/32      EV: 24    Int: 30    God:    Kikubaaqudgha [*****.]
Gold:   2139       SH: 16    Dex: 23    Spells: 18/40 levels left

rFire   . . .        a - +7 sling "Ludor" {freeze, Dex+3}
rCold   + . .        m - +0 kite shield {rC+}
rNeg    . . .        B - +0 troll leather armour
rPois   .            (helmet unavailable)
rElec   .            X - +2 cloak
rCorr   .            M - +2 pair of gloves
SInv    .            T - +2 pair of boots of Vebownec {*Corrode Int+8 Stlth-}
Will    +....        c - amulet of reflection
Stlth   +            I - +5 ring of evasion
HPRegen 1.20/turn    f - +6 ring of dexterity
MPRegen 0.23/turn

%: corrode self (3%), reflection
@: lethally poisoned (-6 -> -61)
A: horns 3, slimy green scales 1, demonic guardian 1, demonic magic 1
a: Renounce Religion, Unearth Wretches, Torment


You were on level 2 of the Snake Pit.
You worshipped Kikubaaqudgha.
Kikubaaqudgha was extremely pleased with you.
You visited 6 branches of the dungeon, and saw 26 of its levels.
You visited 1 bazaar.
You also visited: Gauntlet and Ice Cave.

You collected 2259 gold pieces.
You spent 120 gold pieces at shops.

Inventory:

Hand Weapons
 a - the +7 sling "Ludor" (weapon) {freeze, Dex+3}
   (You found it on level 4 of the Dungeon)

   Dex+3:     It affects your dexterity (+3).
 b - a +4 hand axe of electrocution
Missiles
 d - 20 curare-tipped darts
 y - 4 throwing nets
 K - 2 datura-tipped darts
 V - 3 atropa-tipped darts
Armour
 m - a +0 kite shield of cold resistance (worn)
 B - a +0 troll leather armour (worn)
 J - a +0 buckler of poison resistance
 M - a +2 pair of gloves (worn)
 T - the +2 pair of boots of Vebownec (worn) {*Corrode Int+8 Stlth-}
   (You found it in a Gauntlet)

   Int+8:     It affects your intelligence (+8).
   *Corrode:  It may corrode you when you take damage.
   Stlth-:    It makes you less stealthy.
 X - a +2 cloak (worn)
Jewellery
 c - an amulet of reflection (around neck)
 f - a +6 ring of dexterity (right hand)
 k - a ring of poison resistance
 l - a +6 ring of dexterity
 s - a ring of see invisible
 I - a +5 ring of evasion (left hand)
 L - the amulet "Mixeh" {Spirit rPois Slay+3}
   (You found it on level 8 of the Dungeon)

   [amulet of guardian spirit]

   Spirit:    It causes incoming damage to be divided between your reserves of
   health and magic.
   Slay+3:    It affects your accuracy & damage with ranged weapons and melee
   (+3).
   rPois:     It protects you from poison
Wands
 t - a wand of flame (85)
 z - a wand of light (18)
 H - a wand of iceblast (5)
 W - a wand of mindburst (5)
 Y - a wand of digging (12)
 Z - a wand of polymorph (13)
Scrolls
 g - 2 scrolls of vulnerability
 h - 5 scrolls of fog
 j - 2 scrolls of silence
 n - 4 scrolls of amnesia
 p - 4 scrolls of enchant weapon
 q - 5 scrolls of revelation
 u - 3 scrolls of enchant armour
 v - 2 scrolls of poison
 x - 2 scrolls of torment
 C - 4 scrolls of brand weapon
 E - a scroll of fear
 F - 11 scrolls of teleportation
 G - a scroll of blinking
 O - 2 scrolls of immolation
Potions
 e - 6 potions of heal wounds
 i - 8 potions of curing
 o - a potion of berserk rage {unknown}
 r - 2 potions of magic
 w - 3 potions of attraction
 A - a potion of ambrosia {unknown}
 D - 8 potions of enlightenment
 N - 3 potions of cancellation
 P - a potion of resistance {unknown}
 Q - 2 potions of haste
 S - 3 potions of brilliance
Miscellaneous
 U - a sack of spiders


   Skills:
 - Level 13.1 Fighting
 + Level 5.1 Armour
 - Level 12.0 Dodging
 - Level 2.0 Stealth
 + Level 5.1 Shields
 + Level 13.3 Spellcasting
 + Level 16.0 Necromancy


You had 18 spell levels left.
You knew the following spells:

 Your Spells              Type           Power      Damage    Failure   Level
a - Necrotise             Necr           100%       1d9       1%          1
b - Vampiric Draining     Necr           86%        2d12      1%          3
c - Animate Dead          Necr           86%        N/A       1%          4
d - Curse of Agony        Necr           86%        N/A       1%          5
e - Dispel Undead         Necr           86%        3d28      1%          4
f - Borgnjor's Vile Clut  Necr/Erth      31%        N/A       16%         5

Your spell library contained the following spells:

 Spells                   Type           Power      Damage    Failure   Level
 Sublimation of Blood     Necr           86%        N/A       1%          2
 Cigotuvi's Dreadful Rot  Necr/Alch/Air  100%       N/A       2%          2
 Death Channel            Necr           43%        N/A       3%          6
 Martyr's Knell           Necr/Summ      62%        N/A       5%          4
 Freeze                   Ice            80%        1d9       14%         1
 Magic Dart               Conj           80%        1d7       14%         1
 Sandblast                Erth           40%        2d10      14%         1
 Shock                    Conj/Air       80%        1d8       14%         1
 Blink                    Tloc           40%        N/A       22%         2
 Call Imp                 Summ           40%        N/A       22%         2
 Scorch                   Fire           40%        2d6       22%         2
 Searing Ray              Conj           40%        2d5       22%         2
 Frozen Ramparts          Ice            40%        1d7       41%         3
 Hailstorm                Conj/Ice       20%        3d7       41%         3
 Passwall                 Erth           20%        N/A       41%         3
 Stone Arrow              Conj/Erth      40%        3d9       41%         3
 Swiftness                Air            20%        N/A       41%         3
 Airstrike                Air            10%        2d(2-18)  82%         4
 Brom's Barrelling Bould  Conj/Erth      20%        2d4       82%         4
 Flame Wave               Conj/Fire      20%        2d7       82%         4
 Fulminant Prism          Conj/Alch      10%        3d9       82%         4
 Ignite Poison            Fire/Alch      20%        N/A       82%         4
 Sticky Flame             Fire/Alch      20%        2d6       82%         4
 Iskenderun's Battlesphe  Conj           20%        2d7       99%         5
 Bombard                  Conj/Erth      10%        9d2       100%        6
 Summon Cactus Giant      Summ           10%        N/A       100%        6
 Spellforged Servitor     Conj/Summ      10%        N/A       100%        7
 Ignition                 Fire           10%        3d5       100%        8


Dungeon Overview and Level Annotations

Branches:
Dungeon (15/15)            Temple (1/1) D:6            Lair (5/5) D:8
  Swamp (0/4) Lair:3        Snake (2/4) Lair:2          Orc (2/2) D:12
    Elf (1/3) Orc:2        Vaults (0/5) D:14         Depths (0/4) D:15
  IceCv (visited)         Gauntlet (visited)
  Slime: Lair:4-5

Altars:
Ashenzari
Cheibriados
Dithmenos
Fedhas
Gozag
Hepliaklqana
Kikubaaqudgha
Makhleb
Nemelex Xobeh
Okawaru
Qazlal
Ru
Sif Muna
Trog
Uskayaw
Vehumet
Wu Jian
Xom
Yredelemnul

Shops:
D:4 (   D:6 *   D:11 *(*   D:13 [   D:14 *   Orc:2 [(*=

Annotations:
D:14 Agnes
D:15 Roxanne
Lair:5 2 runed translucent doors
Snake:2 Aizul
Elf:1 Nikola


Innate Abilities, Weirdness & Mutations

You have a pair of large horns on your head.
You are partially covered in slimy green scales. (AC +2)
A weak demonic guardian rushes to your aid.
Spells you cast may paralyse adjacent enemies.


Message History

Aiming: Curse of Agony (mildly dangerous; 1% risk of failure)
Press: ? - help, Shift-Dir - straight line, f/p - Aizul
Aim: Aizul (constricted by zombie hands, chance to affect: 32%) Aizul is cursed with the promise of agony.
Malevolent energies surge around you.
The zombie hands constrict Aizul!
You feel very sick.
Aizul coils herself and waves her upper body at you.
You block the poison arrow... and reflect it back!
The poison arrow hits Aizul!!
Aizul partially resists.
Aizul is poisoned.
Aizul casts a spell at you. The poison arrow hits you!!!
You are more poisoned.
You shoot a sling bullet. The sling bullet hits Aizul!
The sling bullet freezes Aizul.
Aizul is moderately wounded.
The zombie hands constrict Aizul!
* * * LOW HITPOINT WARNING * * *
You feel extremely sick. Aizul closely misses you.
Aizul coils herself and waves her upper body at you.
You fall asleep.
The zombie hands constrict Aizul.
* * * LOW HITPOINT WARNING * * *
You feel extremely sick.
Aizul coils herself and waves her upper body at you.
The bolt of poison hits you!!
You are lethally poisoned!
You wake up.
* * * LOW HITPOINT WARNING * * *
A demonic guardian appears!
You block Aizul's attack.
Unknown command.
Unknown command.
Unknown command.
Unknown command.
Blink to where?
Press: ? - help, Dir - move target, p - Aizul The zombie hands lose their grip on something.
As you read the scroll of blinking, it crumbles to dust.
You die...
Kikubaaqudgha rasps: "You have failed me!
Welcome... death!"

#.....(...#..## #.........
.........##..###########.....####
.......###...##.....##.......# #
......###....#......[#.#.....# ##
##...## #...##...#...#.#.#..## #.
##### #..###..###..#.##...#
#...##''##...#..#.#.##
#............#.##.#.#..#
##......@...#####....<#
#####''########.####.### #..#
##...#####.## #..# #.........#..
#'§# #.........#..
#......S5..##........##.
#............#......†)##.
#...##++##...#.........#. #..#
#..#...........


There were no monsters in sight!

Vanquished Creatures
  A nagaraja (Snake:2)
  An orc warlord (Orc:2)
  A stone giant (D:15)
  Josephine (D:10)
  6 anacondas
  2 hydras
  Harold (Lair:3)
  An ogre mage (D:15)
  2 boulder beetles
  A centaur warrior (D:13)
  5 naga warriors
  7 two-headed ogres
  2 tengu warriors
  2 naga sharpshooters (Snake:1)
  Sonja (Orc:1)
  4 orc high priests (Orc:2)
  Amaemon (D:9)
  A fire crab (Gauntlet)
  2 arcanists (D:14)
  A mana viper (Snake:1)
  7 orc knights
  5 ugly things
  2 oklob plants (Lair:2)
  5 deep elf pyromancers
  5 orc sorcerers
  3 salamanders
  A manticore (D:14)
  4 naga magi
  6 elephants
  11 black mambas
  2 molten gargoyles (Lair:5)
  A guardian serpent (Snake:1)
  11 cane toads
  A kobold blastminer (Orc:2)
  An orange demon (D:9)
  A torpor snail (Lair:4)
  2 gargoyles (D:12)
  7 komodo dragons
  A kobold demonologist (D:11)
  An unseen horror (D:11)
  3 rime drakes
  2 tengu conjurers (D:15)
  3 freezing wraiths (IceCv)
  2 yaktaurs
  An ice devil (IceCv)
  A polar bear (Lair:5)
  6 trolls
  A hornet (D:8)
  14 blink frogs
  A dire elephant simulacrum (IceCv)
  13 slime creatures
  10 wraiths
  7 wyverns
  A vampire (D:11)
  3 fire bats (Gauntlet)
  8 shadows
  A steam dragon (D:6)
  7 basilisks
  34 yaks
  A warg (Orc:1)
  A minotaur simulacrum (IceCv)
  Edmund (D:5)
  4 acid dragons
  15 nagas
  A hell hound (Lair:5)
  8 water moccasins
  Duvessa (D:5)
  A hydra simulacrum (IceCv)
  A black bear (D:6)
  27 orc warriors
  2 laughing skulls (D:15)
  An ice beast (D:8)
  5 ogres
  9 wolves
  7 centaurs
  15 bullfrogs
  3 kobold brigands (D:11)
  A gnoll sergeant (D:8)
  4 scorpions
  A deep troll simulacrum (IceCv)
  Dowan (D:5)
  5 killer bees
  8 howler monkeys
  A bombardier beetle (D:5)
  7 lava snakes
  2 hounds
  2 jellies
  A sleepcap (D:3)
  16 orc priests
  3 iguanas
  14 orc wizards
  9 gnolls
  7 adders
  A white imp (D:5)
  4 ufetubi (D:6)
  3 ribbon worms (D:14)
  2 dart slugs
  55 orcs
  3 endoplasms
  3 giant cockroaches
  7 goblins
  4 hobgoblins
  3 jackals
  9 kobolds
  2 quokkas
  9 ball pythons
  3 bats
  2 frilled lizards
  7 rats
540 creatures vanquished.

Vanquished Creatures (collateral kills)
  A hydra (Lair:5)
  A two-headed ogre (D:15)
  A lindwurm (Lair:5)
  A cyclops (D:15)
  2 elephants (Lair:4)
  A naga mage (Snake:1)
  A rime drake (Lair:2)
  A yaktaur (D:14)
  8 blink frogs
  5 slime creatures
  6 yaks
  A basilisk (Lair:5)
  A naga (Snake:1)
  2 hell hounds (Lair:5)
  3 water moccasins
  An orc warrior (D:8)
  2 bullfrogs
  An orc priest (Orc:1)
  A hound (D:5)
  An adder (D:4)
  2 ribbon worms
  An orc (Orc:1)
  A kobold (D:3)
45 creatures vanquished.

Vanquished Creatures (others)
  3 two-headed ogre zombies
  2 cane toad zombies
  4 blink frog zombies (Lair:5)
  3 komodo dragon zombies
  A cyclops zombie (D:15)
  3 wyvern zombies
  A troll zombie (D:14)
  A polar bear zombie (Lair:5)
  2 basilisk zombies
  A bullfrog zombie (Lair:4)
  2 ogre zombies (D:15)
23 creatures vanquished.

Grand Total: 608 creatures vanquished

Notes
Turn   | Place    | Note
-------+----------+-------------------------------------------
     0 | D:1      | PaiMei the Demonspawn Necromancer began the quest for the
                  | Orb.
     0 | D:1      | Reached XP level 1. HP: 13/13 MP: 3/3
   211 | D:1      | Gained mutation: You have a pair of small horns on your
                  | head. [demonic ancestry]
   211 | D:1      | Reached XP level 2. HP: 19/19 MP: 0/5
   467 | D:1      | Found a faded altar of an unknown god.
  1150 | D:2      | Gained mutation: Spells you cast may paralyse adjacent
                  | enemies. [demonic ancestry]
  1150 | D:2      | Reached XP level 3. HP: 25/25 MP: 1/6
  1363 | D:2      | Identified the +0 leather armour "Imeut" {rElec Slay+3}
  1462 | D:2      | Reached skill level 1 in Fighting
  1584 | D:3      | Reached XP level 4. HP: 13/32 MP: 0/8
  2057 | D:3      | Reached skill level 5 in Necromancy
  2699 | D:4      | Found an opulent altar of Gozag.
  2704 | D:4      | Reached XP level 5. HP: 34/38 MP: 4/9
  2929 | D:4      | Identified the +7 sling "Ludor" {freeze, Dex+3}
  3239 | D:4      | Gained mutation: A weak demonic guardian rushes to your
                  | aid. [demonic ancestry]
  3239 | D:4      | Reached XP level 6. HP: 43/46 MP: 8/11
  3243 | D:4      | Learned a level 3 spell: Vampiric Draining
  3248 | D:4      | Learned a level 4 spell: Animate Dead
  3299 | D:4      | Found Geefiuf's Weapon Boutique.
  3437 | D:5      | Entered Level 5 of the Dungeon
  3449 | D:5      | Found an ancient bone altar of Kikubaaqudgha.
  3458 | D:5      | Became a worshipper of Kikubaaqudgha
  3628 | D:5      | Noticed Edmund
  3634 | D:5      | Killed Edmund
  3635 | D:5      | Reached skill level 6 in Necromancy
  3635 | D:5      | Reached XP level 7. HP: 37/52 MP: 10/13
  4204 | D:5      | Noticed Duvessa
  4204 | D:5      | Noticed Dowan
  4403 | D:5      | Killed Duvessa
  4407 | D:5      | Killed Dowan
  4791 | D:6      | Gained mutation: You have a pair of horns on your head.
                  | [demonic ancestry]
  4791 | D:6      | Reached XP level 8. HP: 39/60 MP: 14/14
  5398 | D:6      | Reached * piety under Kikubaaqudgha
  5398 | D:6      | Received a gift from Kikubaaqudgha
  5399 | D:6      | Reached skill level 7 in Necromancy
  5466 | D:6      | Reached skill level 5 in Dodging
  5466 | D:6      | Reached skill level 5 in Spellcasting
  5554 | D:6      | Found a staircase to the Ecumenical Temple.
  5560 | Temple   | Entered the Ecumenical Temple
  5597 | D:6      | Reached skill level 5 in Fighting
  5683 | D:6      | Found Voipn's Gadget Gallery.
  5803 | D:7      | Found a broken altar of Ashenzari.
  6036 | D:7      | Found a shadowy altar of Dithmenos.
  6435 | D:8      | Found a staircase to the Lair.
  6479 | D:8      | Identified the amulet "Mixeh" {Spirit rPois Slay+3}
  6532 | D:8      | Reached XP level 9. HP: 68/68 MP: 17/17
  6561 | D:8      | Reached skill level 8 in Necromancy
  7076 | D:8      | Reached ** piety under Kikubaaqudgha
  7334 | D:9      | Found a bloodstained altar of Trog.
  7581 | D:9      | Noticed Amaemon
  7583 | D:9      | Noticed an orange demon
  7619 | D:9      | Killed Amaemon
  8069 | D:9      | Reached skill level 9 in Necromancy
  8556 | D:10     | Entered Level 10 of the Dungeon
  8738 | D:9      | Reached XP level 10. HP: 76/79 MP: 10/20
  9840 | D:9      | Killed an orange demon
 10215 | D:9      | Reached *** piety under Kikubaaqudgha
 10215 | D:9      | Received a gift from Kikubaaqudgha
 10720 | D:10     | Noticed Josephine
 11257 | D:10     | Reached skill level 10 in Necromancy
 12206 | D:8      | Learned a level 4 spell: Dispel Undead
 12212 | D:8      | Learned a level 5 spell: Curse of Agony
 12218 | D:8      | Learned a level 5 spell: Borgnjor's Vile Clutch
 12224 | Lair:1   | Entered Level 1 of the Lair of Beasts
 12224 | Lair:1   | Noticed a cane toad
 12234 | Lair:1   | Killed a cane toad
 12363 | Lair:1   | Reached XP level 11. HP: 84/85 MP: 23/23
 13349 | Lair:1   | Noticed a boulder beetle
 13370 | Lair:1   | Killed a boulder beetle
 13371 | Lair:1   | Reached skill level 11 in Necromancy
 15439 | Lair:2   | Reached XP level 12. HP: 97/97 MP: 9/25
 15441 | Lair:2   | Noticed a seven-headed hydra
 15924 | Lair:2   | Reached skill level 10 in Fighting
 16471 | Lair:2   | You fall into a shaft and drop 1 floor!
 16494 | Lair:3   | Reached skill level 12 in Necromancy
 16499 | Lair:3   | Reached **** piety under Kikubaaqudgha
 16670 | Lair:3   | Found a gate leading to a gauntlet.
 16678 | Gauntlet | Entered a Gauntlet
 16678 | Gauntlet | Found a transporter.
 16695 | Gauntlet | Found a transporter.
 16697 | Gauntlet | Found a transporter.
 16711 | Gauntlet | Found a transporter.
 16719 | Gauntlet | Found a transporter.
 16727 | Gauntlet | Found a transporter.
 16738 | Gauntlet | Found a transporter.
 16749 | Gauntlet | Found a transporter.
 16750 | Gauntlet | Identified the +1 robe of Pyivisch {Rampage rN+ Dex+2
                  | Slay-2}
 16750 | Gauntlet | Noticed a minotaur
 16754 | Gauntlet | Noticed a reaper
 16762 | Gauntlet | Found a transporter.
 16767 | Gauntlet | Found a transporter.
 16782 | Gauntlet | Found a transporter.
 16795 | Gauntlet | Found a transporter.
 16848 | Gauntlet | Found a transporter.
 17471 | Gauntlet | Reached skill level 10 in Spellcasting
 17629 | Gauntlet | Reached skill level 10 in Dodging
 17745 | Gauntlet | Identified the +2 pair of boots of Vebownec {*Corrode Int+8
                  | Stlth-}
 17761 | Gauntlet | Identified the ring "Wiryugu" {Fly rN+++ MP-9 Int-5 Stlth+}
 17948 | Lair:3   | Found a staircase to the Swamp.
 18631 | Lair:2   | Noticed Harold
 18641 | Lair:3   | Killed Harold
 18776 | Lair:2   | Identified the +0 robe of Comenayr {rPois rF- rC++ Int+4}
 19199 | Lair:2   | Found a staircase to the Snake Pit.
 19274 | Lair:2   | Killed a seven-headed hydra
 21502 | Lair:4   | Gained mutation: You have a pair of large horns on your
                  | head. [demonic ancestry]
 21502 | Lair:4   | Reached XP level 13. HP: 99/106 MP: 27/27
 21507 | Lair:4   | Reached skill level 13 in Necromancy
 22053 | Lair:5   | Entered Level 5 of the Lair of Beasts
 22053 | Lair:5   | Found a burning altar of Makhleb.
 22845 | Lair:5   | Found a large runed translucent door.
 22847 | Lair:5   | Found a large runed translucent door.
 25204 | D:10     | Found a sparkling altar of Nemelex Xobeh.
 25205 | D:10     | Found a basalt altar of Yredelemnul.
 25206 | D:10     | Found a shimmering altar of Xom.
 25245 | D:11     | Found Vaugur's General Store.
 25705 | D:11     | Found Jaopis's Antique Weapon Emporium.
 25805 | D:11     | Found a flickering gateway to a bazaar.
 25813 | Bazaar   | Entered a bazaar
 25813 | Bazaar   | Found Wulid's Antique Armour Shop.
 25837 | Bazaar   | Found Gyoroaryzio's Weapon Shoppe.
 25865 | Bazaar   | Found Zifacefo's Distillery.
 25869 | Bazaar   | Found Nueniun's Armour Shop.
 25874 | Bazaar   | Bought a potion of magic for 120 gold pieces
 25877 | Bazaar   | Found Kameat Haf's Jewellery Boutique.
 26110 | D:11     | Reached ***** piety under Kikubaaqudgha
 26523 | D:11     | Found Egeos's Assorted Antiques.
 27788 | D:12     | Reached skill level 14 in Necromancy
 27968 | D:12     | Found a staircase to the Orcish Mines.
 28928 | D:13     | Found Quit's Armour Emporium.
 30394 | D:13     | Gained mutation: You are partially covered in slimy green
                  | scales. (AC +2) [demonic ancestry]
 30394 | D:13     | Reached XP level 14. HP: 116/116 MP: 25/29
 31501 | D:14     | Found Raam's Assorted Antiques.
 34153 | D:14     | Found a gate to the Vaults.
 34202 | D:14     | Found a bloodstained altar of Trog.
 34572 | D:15     | Entered Level 15 of the Dungeon
 34854 | D:15     | Noticed a stone giant
 36278 | D:15     | Noticed Agnes
 36304 | D:14     | HP: 5/118 [+0 spectral lajatang[Agnes] (15)]
 36585 | D:15     | Found a staircase to the Depths.
 36699 | D:15     | Killed a stone giant
 36959 | D:15     | Noticed Roxanne
 37064 | D:15     | Reached skill level 15 in Necromancy
 37329 | Orc:1    | Entered Level 1 of the Orcish Mines
 37444 | Orc:1    | Noticed Sonja
 37464 | Orc:1    | Killed Sonja
 37465 | Orc:1    | Reached skill level 1 in Armour
 37465 | Orc:1    | Reached skill level 1 in Shields
 38966 | Orc:2    | Entered Level 2 of the Orcish Mines
 40355 | Orc:2    | Found Oruaduin's General Store.
 40559 | Orc:2    | Found Odyggol's Antique Weapon Emporium.
 41137 | Orc:2    | Found Diti's Jewellery Shop.
 41176 | Orc:2    | Noticed an orc warlord
 41196 | Orc:2    | Killed an orc warlord
 41503 | Orc:2    | Paralysed by an orc sorcerer for 4 turns
 41780 | Orc:2    | Found Tirphal's Antique Armour Shoppe.
 42177 | Orc:2    | Found a staircase to the Elven Halls.
 42276 | Elf:1    | Entered Level 1 of the Elven Halls
 42276 | Elf:1    | Noticed Nikola
 42505 | D:10     | Killed Josephine
 42509 | D:10     | Reached XP level 15. HP: 91/123 MP: 11/31
 43027 | Snake:1  | Entered Level 1 of the Snake Pit
 44768 | Snake:1  | HP: 5/123 [naga/+0 trident (36)]
 46097 | Snake:2  | Found a glacial archway.
 46116 | IceCv    | Entered an ice cave
 46974 | Snake:2  | Noticed a nagaraja
 46988 | Snake:2  | Killed a nagaraja
 46989 | Snake:2  | Reached skill level 16 in Necromancy
 47281 | Snake:2  | Reached skill level 5 in Shields
 47594 | Snake:2  | Reached skill level 5 in Armour
 47905 | Snake:2  | Identified the serpent talisman "Ymaucwa" {rF++}
 47905 | Snake:2  | Noticed Aizul
 47912 | Snake:2  | Succumbed to Aizul's bolt of poison

Illustrated notes

Levels and vault maps discovered:
D:1:      matt_arrival_spirals, layout_loops_ring,
          shapermc_ecumenical_altar_mp_urbaneastern
D:2:      layout_rooms, grunt_decor_resistance, kennysheep_decorative_pillar
D:3:      minmay_evil_eye, layout_basic
D:4:      layout_loops_cross, mainiacjoe_overflow_chevrons, serial_shops,
          nicolae_shop_tiny_statue_garden
D:5:      layout_loops_ring, mainiacjoe_overflow_paths, uniq_duvessa,
          uniq_edmund
D:6:      layout_basic, minmay_temple_entry_gardened_gates,
          hangedman_decor_push, nicolae_shop_gadgets
D:7:      layout_rooms, nicolae_ashenzari_panopticon,
          nicolae_overflow_hidden_temple
D:8:      layout_basic, dpeg_oklobed_lair, st_stairs_14
D:9:      layout_rooms, mainiacjoe_overflow_small_starburst,
          kennysheep_generic_room_5, uniq_amaemon
D:10:     layout_gridville, nicolae_overflow_crystal_walls,
          chequers_temple_overflow_statue_of_worship, guppyfry_early_elven_hall,
          uniq_josephine
D:11:     layout_basic, serial_shops, bzr_entry_safe, shop_fountains,
          nicolae_shop_dealshenge, shop
D:12:     layout_loops_ring, david_orc_4
D:13:     layout_rooms, serial_shops, nicolae_shop_mannequins,
          serial_bayou_pond_d, drop_trap, kennysheep_generic_room_12
D:14:     layout_cave_pools, david_vaults_1, serial_shops,
          nicolae_shop_waterfront, minmay_misc_feat_five, tgw_trog
D:15:     grunt_enter_depths_giant_problem, layout_rooms, elyvilon_altar_5,
          uniq_roxanne, uniq_agnes
Temple:   oiseaux_autumnal_temple
Lair:1:   layout_cave_pods
Lair:2:   minmay_lair_oklob_chamber, layout_chaotic_city,
          nicolae_snake_entry_warm_welcome, grunt_megastairs_1,
          serial_bayou_shore_b, infiniplex_staircase_pool, uniq_harold
Lair:3:   layout_gridlike, minmay_swamp_entry_reptiles, gauntlet_entry_generic,
          grunt_forest_stairs_basic, minmay_holes
Lair:4:   layout_regular_city
Lair:5:   cheibrodos_lair_end_hotspot, layout_cave_pods,
          dpeg_slime_entry_corner, basic_altar
Snake:1:  layout_layer_cave
Snake:2:  layout_chambers, portal_ice_cave_entry_pillars_2,
          nicolae_snake_double_loop, nicolae_snake_guarding_the_ruins,
          uniq_aizul
Orc:1:    layout_diamond_mine, basic_altar, uniq_sonja
Orc:2:    grunt_orc_gardens, layout_caves, grunt_orc_garden, grunt_orc_garden,
          grunt_orc_garden, grunt_orc_garden, nicolae_orc_crystal_geode
Elf:1:    layout_gridlike, serial_shops, nicolae_shop_just_a_little_nook,
          minmay_elf_necromancy, evilmike_spriggan_trog_shrine,
          lemuel_upstairs_altar, minmay_shoptagon, uniq_nikola

Skill      XL: |  1  2  3  4  5  6  7  8  9 10 11 12 13 14 15 |
---------------+----------------------------------------------+-----
Stealth        | 2 |  2.0
Dodging        | 2 3 4 5 6 8 9 10 11 12 | 12.0
Fighting       | 1 2 3 4 5 7 8 9 11 12 13 | 13.1
Necromancy     | 5 6 7 9 10 11 12 14 15 16 | 16.0
Spellcasting   | 3 4 5 6 8 9 10 11 12 13 | 13.3
Armour         | 3 5 |  5.1
Shields        | 3 5 |  5.1

Action                     |  1- 3 |  4- 6 |  7- 9 | 10-12 | 13-15 || total
---------------------------+-------+-------+-------+-------+-------++-------
  Melee: Dagger            |     2 |       |       |       |       ||     2
         Unarmed           |     1 |       |       |       |       ||     1
         Trident           |     9 |     3 |       |       |       ||    12
         Headbutt          |     2 |     1 |       |       |     1 ||     4
         Sling             |       |       |     1 |       |     3 ||     4
   Fire: Sling             |       |    36 |   183 |   559 |   936 ||  1714
   Cast: Necrotise         |    67 |    48 |    42 |    43 |    16 ||   216
         Vampiric Draining |       |       |    48 |   147 |   142 ||   337
         Animate Dead      |       |       |     1 |     8 |    11 ||    20
         Curse of Agony    |       |       |       |     9 |    58 ||    67
         Dispel Undead     |       |       |       |     6 |    23 ||    29
         Borgnjor's Vile C |       |       |       |     1 |   147 ||   148
  Evoke: Wand              |       |       |       |       |     4 ||     4
    Use: Potion            |       |       |     2 |     1 |     1 ||     4
         Scroll            |       |       |       |    11 |    14 ||    25
   Stab: Sleeping          |     1 |       |       |       |       ||     1
         Paralysed         |     1 |       |       |       |       ||     1
 Armour: Robe              |    17 |     8 |    22 |       |       ||    47
         Leather armour    |       |       |    65 |   236 |   208 ||   509
         Troll leather arm |       |       |       |       |   213 ||   213
  Dodge: Dodged            |    16 |     8 |   156 |   566 |   902 ||  1648
  Block: Other             |       |       |    36 |   109 |   156 ||   301
         Reflection        |       |       |     2 |       |    36 ||    38
         Buckler           |       |       |       |       |    90 ||    90
         Kite shield       |       |       |       |       |    76 ||    76
